 Dungeon Crawl Stone Soup version 0.31-a0-164-g2312942fda (webtiles) character file.

Game seed: 7469835405214746087

471 Anon1729 the Trooper (level 6, -7/56 HPs)
             Began as a Minotaur Monk on June 14, 2023.
             Mangled by an ogre
             ... wielding a +0 giant club
              (14 damage)
             ... on level 5 of the Dungeon.
             The game lasted 00:02:26 (3122 turns).

Anon1729 the Trooper (Minotaur Monk)                Turns: 3122, Time: 00:02:26

Health: -7/56      AC: 11    Str: 15    XL:     6   Next: 83%
Magic:  7/7        EV: 14    Int:  7    God:
Gold:   267        SH:  0    Dex: 15    Spells: 5/5 levels left

rFire   . . .        n - +1 short sword (protect)
rCold   . . .        d - orb {light}
rNeg    . . .        b - +0 robe
rPois   .            (helmet restricted)
rElec   .            f - +0 cloak
rCorr   .            (no gloves)
SInv    .            w - +0 pair of boots
Will    .....        (no amulet)
Stlth   +            (no ring)
HPRegen 0.29/turn    (no ring)
MPRegen 0.10/turn

%: no passive effects
@: under a protective aura, glowing
A: horns 2, retaliatory headbutt
a: no special abilities


You were on level 5 of the Dungeon.
You visited 1 branch of the dungeon, and saw 5 of its levels.

You collected 267 gold pieces.

Inventory:

Hand Weapons
 a - a +0 short sword
 g - a +2 vampiric whip
 n - a +1 short sword of protection (weapon)
Armour
 b - a +0 robe (worn)
 d - an orb of light (worn)
 f - a +0 cloak (worn)
 w - a +0 pair of boots (worn)
Jewellery
 r - a ring of protection from cold
 s - an amulet of guardian spirit
Scrolls
 h - 2 scrolls of identify {unknown}
 k - a scroll of poison {unknown}
 l - a scroll of enchant weapon {unknown}
 m - 2 scrolls of noise {unknown}
 p - a scroll of acquirement {unknown}
 q - 2 scrolls of teleportation {unknown}
Potions
 c - a potion of ambrosia
 e - a potion of degeneration {unknown}
 i - a potion of haste {unknown}
 j - a potion of cancellation {unknown}
 o - 4 potions of curing
 t - 2 potions of mutation {unknown}
 u - 2 potions of enlightenment {unknown}
 v - a potion of invisibility
 x - a potion of might {unknown}


   Skills:
 + Level 5.2 Fighting
 + Level 4.8 Short Blades
 + Level 3.4 Armour
 + Level 4.8 Dodging
 + Level 2.9 Invocations


You had 5 spell levels left.
You didn't know any spells.
Your spell library contained the following spells:

 Spells                   Type           Power      Damage    Failure   Level
 Freeze                   Ice            0%         1d3       43%         1
 Summon Small Mammal      Summ           0%         N/A       43%         1
 Call Canine Familiar     Summ           0%         N/A       80%         3
 Frozen Ramparts          Ice            0%         1d1       80%         3
 Gell's Gravitas          Tloc           0%         N/A       80%         3
 Hailstorm                Conj/Ice       0%         3d3       80%         3
 Summon Guardian Golem    Hex/Summ       0%         N/A       80%         3
 Teleport Other           Tloc           0%         N/A       80%         3
 Dispersal                Tloc           0%         N/A       100%        6


Dungeon Overview and Level Annotations

Branches:
Dungeon (5/15)
 Temple: D:4-7

Altars:
Gozag
Xom


Innate Abilities, Weirdness & Mutations

You have a pair of horns on your head.
You reflexively headbutt those who attack you in melee.


Message History

The ogre is lightly wounded.
The gnoll barely misses you. You furiously retaliate!
You headbutt the gnoll. You hit the ogre.
You headbutt the ogre, but do no damage.
The ogre is lightly wounded.
The ogre hits you with a +0 giant club!
You are too injured to fight recklessly!
You are too injured to fight recklessly!
You are too injured to fight recklessly!
You are too injured to fight recklessly!
You are too injured to fight recklessly!
You are too injured to fight recklessly!
You are too injured to fight recklessly!
You are too injured to fight recklessly!
You are too injured to fight recklessly!
You are too injured to fight recklessly!
You are too injured to fight recklessly!
You are too injured to fight recklessly!
You are too injured to fight recklessly!
You are too injured to fight recklessly!
You hit the gnoll.
The gnoll is moderately wounded.
The gnoll hits you but does no damage.
You hit the gnoll.
The gnoll is severely wounded.
The ogre misses you. The gnoll closely misses you. You furiously retaliate!
You headbutt the gnoll!
You kill the gnoll!
You hit the ogre but do no damage. You headbutt the ogre!
The ogre is heavily wounded.
You hit the ogre.
The ogre is heavily wounded.
The ogre hits you with a +0 giant club!
* * * LOW HITPOINT WARNING * * *
You hit the ogre but do no damage.
The ogre is heavily wounded.
You hit the ogre but do no damage.
The ogre is heavily wounded.
The ogre hits you with a +0 giant club!
You die...

. #. ###########
#..##<#....#..##
#..........?...#
#.....†........#
#..............#
+..$...........#
########@)###.#
#O)# ....#
.....# #.....#
#.....# #..####
#..


You could see an ogre.

Vanquished Creatures
  Blork the orc (D:4)
  A bullfrog (D:4)
  Crazy Yiuf (D:3)
  Natasha (thrice) (D:3)
  13 gnolls
  2 adders (D:2)
  An ufetubus (D:4)
  A worm (D:3)
  3 dart slugs (D:1)
  5 orcs (D:4)
  9 endoplasms
  7 giant cockroaches
  6 goblins
  5 hobgoblins
  3 jackals (D:3)
  2 quokkas
  8 ball pythons
  3 bats
  A frilled lizard (D:2)
  8 kobolds
  5 rats
88 creatures vanquished.

Notes
Turn   | Place    | Note
-------+----------+-------------------------------------------
     0 | D:1      | Anon1729 the Minotaur Monk began the quest for the Orb.
     0 | D:1      | Reached XP level 1. HP: 19/19 MP: 0/0
    85 | D:1      | Reached XP level 2. HP: 22/27 MP: 1/1
   329 | D:1      | Reached skill level 1 in Armour
   353 | D:1      | Reached skill level 4 in Fighting
   353 | D:1      | Reached skill level 1 in Invocations
   353 | D:1      | Reached XP level 3. HP: 33/33 MP: 2/2
   930 | D:2      | Reached XP level 4. HP: 23/40 MP: 2/4
  1519 | D:3      | Noticed Natasha
  1525 | D:3      | Killed Natasha
  1526 | D:3      | Reached XP level 5. HP: 30/47 MP: 5/5
  1650 | D:3      | Noticed Natasha
  1658 | D:3      | Killed Natasha
  1667 | D:3      | Found a shimmering altar of Xom.
  1766 | D:3      | Found a runed translucent door.
  1767 | D:3      | Noticed Crazy Yiuf
  2185 | D:3      | Noticed Natasha
  2190 | D:3      | Killed Natasha
  2291 | D:3      | Killed Crazy Yiuf
  2292 | D:3      | Reached XP level 6. HP: 55/55 MP: 6/6
  2496 | D:4      | Noticed Blork the orc
  2508 | D:4      | Killed Blork the orc
  2509 | D:4      | Reached skill level 5 in Fighting
  2809 | D:4      | Found an opulent altar of Gozag.
  3095 | D:5      | Entered Level 5 of the Dungeon
  3122 | D:5      | Mangled by an ogre

Illustrated notes

Levels and vault maps discovered:
D:1:      evilmike_arrival_crescent, layout_rooms, nicolae_grassy_gnolls
D:2:      layout_basic
D:3:      layout_rooms, mainiacjoe_overflow_24_doors, grunt_decor_clamped,
          minmay_box_of_dots, uniq_crazy_yiuf_cottage, uniq_natasha
D:4:      layout_basic, kennysheep_mini_moat, uniq_blork_the_orc
D:5:      layout_gridville, nicolae_overflow_crystal_walls,
          grunt_dithmenos_smoke

Skill      XL: |  1  2  3  4  5  6 |
---------------+-------------------+-----
Armour         | 1 2 3 |  3.4
Fighting       | 4 5 |  5.2
Invocations    | 1 2 |  2.9
Dodging        | 4 |  4.8
Short Blades   | 4 |  4.8

Action                     |  1- 3 |  4- 6 || total
---------------------------+-------+-------++-------
  Melee: Short sword       |    53 |   118 ||   171
         Headbutt          |    14 |    34 ||    48
         Whip              |    29 |    16 ||    45
 Armour: Robe              |    21 |    30 ||    51
  Dodge: Dodged            |    47 |    95 ||   142

Table legend: (Time is in decaauts)
 A = Elapsed time spent in this place.
 B = Non-inter-level travel time spent in this place.
 C = Inter-level travel time spent in this place.
 D = Time resting spent in this place.
 E = Time spent auto-exploring this place.
 F = Levels seen in this place.
 G = Mean time per level.
                   A        B        C        D        E       F      G
               +--------+--------+--------+--------+--------+-----+--------+
         Total |   3093 |   2944 |    149 |    103 |   2360 |   5 |  618.6 |
       Dungeon |   3093 |   2944 |    149 |    103 |   2360 |   5 |  618.6 |
               +--------+--------+--------+--------+--------+-----+--------+

Top non-repeatable levels by time:
     D:3: 872 daAuts
     D:1: 795 daAuts
     D:2: 717 daAuts
     D:4: 686 daAuts
     D:5: 21 daAuts
